Map: Eternal Empire LE

Players

Namshar

  • Race: Zerg Zerg
  • League: Master
  • Spawn Location: 1:00

MCanning - Winner!

  • Race: Protoss Protoss
  • Spawn Location: 7:00

Event: DreamHack SC2 Masters 2020 Fall

VOD

Have the link to the VOD?

Description

Time

  • Played on: Sept. 5, 2020, 4:32 p.m.
  • Length: 9:46

All games in this series

Show
View Real Time Build Order
Export as new Build Order

Namshar Zerg 

Build Orders: Hatch First 

Get SALT Encoding   

  12  0:00  Drone  
  13  0:12  Overlord  
  13  0:17  Drone  
  14  0:30  Drone x2  
  16  0:48  Hatchery  
  15  0:51  Drone  
  15  0:54  Drone  
  17  0:57  Drone  
  18  1:09  Extractor  
  17  1:13  Spawning Pool  
  17  1:16  Drone  
  17  1:20  Drone  
  19  1:28  Drone  
  20  1:45  Hatchery  
  19  2:02  Spine Crawler  
  19  2:03  Spine Crawler  
  19  2:07  Spine Crawler  
  16  2:08  Spine Crawler  
  16  2:11  Spine Crawler  
  16  2:14  Zergling x2  
  15  2:27  Queen  
  18  2:39  Drone  
  18  2:42  Drone  
  19  2:46  Metabolic Boost  
  19  2:56  Zergling x4  
  21  3:09  Drone x2  
  21  3:10  Queen  
  25  3:20  Drone, Overlord  
  25  3:26  Lair  
  25  3:35  Zergling x4  
  27  3:46  Zergling x2  
  26  3:59  Drone  
  27  4:06  Zergling x2  
  27  4:07  Zergling x4  
  30  4:21  Zergling x2  
  31  4:28  Zergling x6  
  33  4:34  Nydus Network  
  33  4:37  Zergling x2  
  33  4:38  Drone x4  
  31  4:58  Drone  
  27  5:15  Zergling x2  
  27  5:16  Zergling x8  
  32  5:23  Zergling x2  
  32  5:27  Extractor  
  29  5:35  Zergling x2  
  29  5:37  Drone x2  
  31  5:47  Drone  
  32  6:03  Nydus Canal  
  32  6:25  Nydus Canal  
  31  6:54  Spawning Pool  
  31  6:58  Overlord  
  28  7:19  Drone  
  28  7:20  Overlord x2  
  29  7:34  Overlord  
  27  7:41  Drone  
  27  7:42  Drone  
  28  7:50  Drone  
  29  7:53  Roach Warren  
  28  8:11  Hatchery  
  27  8:14  Spore Crawler  
  26  8:21  Zergling x4  
  26  8:23  Zergling x2  
  29  8:31  Zergling x2  
  24  8:58  Roach x2  
  28  9:03  Roach  
  28  9:07  Roach  
  32  9:12  Zergling x2  
Show
View Real Time Build Order
Export as new Build Order

MCanning Protoss - Winner!

Build Orders:  

Get SALT Encoding   

  12  0:00  Probe  
  13  0:12  Probe  
  14  0:19  Pylon  
  14  0:24  Probe  
  15  0:37  Probe (Chrono Boost)  
  15  0:38  Forge  
  16  0:48  Probe (Chrono Boost)  
  17  0:52  Probe (Chrono Boost)  
  18  1:03  Probe  
  19  1:13  Pylon  
  19  1:15  Pylon  
  19  1:17  Probe  
  20  1:20  Pylon  
  20  1:31  Photon Cannon  
  20  1:33  Gateway  
  20  1:34  Gateway  
  20  1:44  Photon Cannon  
  20  1:49  Assimilator  
  20  2:02  Photon Cannon  
  20  2:03  Photon Cannon  
  20  2:08  Photon Cannon  
  20  2:11  Photon Cannon  
  20  2:20  Photon Cannon  
  20  2:24  Zealot (Chrono Boost)  
  22  2:42  Cybernetics Core  
  22  2:49  Gateway  
  22  2:59  Pylon  
  22  3:16  Photon Cannon  
  22  3:17  Stalker (Chrono Boost)  
  24  3:24  Shield Battery  
  24  3:31  Shield Battery  
  24  3:34  Stalker (Chrono Boost)  
  28  3:48  Stalker (Chrono Boost)  
  28  3:56  Shield Battery  
  26  4:04  Stalker  
  26  4:09  Shield Battery  
  28  4:17  Shield Battery  
  28  4:27  Stalker  
  30  4:35  Pylon  
  30  4:42  Stalker  
  28  4:56  Stalker  
  28  4:57  Warp Gate (Chrono Boost)  
  28  5:06  Photon Cannon  
  28  5:19  Shield Battery  
  28  5:29  Stalker  
  28  5:35  Pylon  
  30  5:49  Photon Cannon  
  30  5:57  Probe  
  31  5:58  Assimilator  
  31  6:09  Probe  
  31  6:10  Twilight Council  
  32  6:29  Probe  
  33  6:37  Pylon  
  33  6:40  Zealot  
  35  6:52  Dark Shrine  
  59  6:54  Charge (Chrono Boost)  
  35  7:06  Zealot  
  37  7:14  Zealot  
  39  7:22  Pylon  
  37  7:45  Zealot x2  
  41  8:06  Dark Templar x2  
  45  8:14  Pylon  
  44  8:42  Dark Templar x2  
  44  8:46  Nexus  
  39  8:49  Archon  
  39  8:58  Probe  
  40  9:05  Zealot  
  42  9:10  Probe  
  43  9:21  Zealot  

Tags
 
Add a new tag
Caveats
  • Supply blocks, unpowered buildings, or Contaminate may cause inaccurate times.
  • Supply counts are checked every 10 seconds.